 Dungeon Crawl Stone Soup version 0.32-a0-779-g362cfcae2a (webtiles) character file.

Game seed: 1840192332486671652

95 smashvw the Shield-Bearer (level 4, -1/38 HPs)
             Began as a Mountain Dwarf Fighter on Mar 19, 2024.
             Slain by a cerulean imp
             ... wielding a +0 spear
             ... summoned by Natasha
              (4 damage)
             ... on level 2 of the Dungeon.
             The game lasted 00:04:16 (1388 turns).

smashvw the Shield-Bearer (Mountain Dwarf Fighter)  Turns: 1388, Time: 00:04:17

Health: -1/38      AC: 10    Str: 19    XL:     4   Next: 40%
Magic:  4/4        EV:  8    Int:  8    God:
Gold:   41         SH:  4    Dex: 11    Spells: 3/3 levels left

rFire   . . .        a - +0 trident
rCold   . . .        c - +0 buckler
rNeg    . . .        b - +0 scale mail
rPois   .            (no helmet)
rElec   .            k - +2 cloak
rCorr   .            (no gloves)
SInv    .            (no boots)
Will    +....        (no amulet) Stlth
                     i - ring of willpower
HPRegen 0.26/turn    (no ring)
MPRegen 0.09/turn

%: no passive effects
@: no status effects
A: runic magic, artefact enchanting
a: no special abilities


You were on level 2 of the Dungeon.
You visited 1 branch of the dungeon, and saw 2 of its levels.

You collected 41 gold pieces.

Inventory:

Hand Weapons
 a - a +0 trident (weapon)
Missiles
 h - 5 curare-tipped darts (quivered)
 j - 8 stones
Armour
 b - a +0 scale mail (worn)
 c - a +0 buckler (worn)
 k - a +2 cloak (worn)
Jewellery
 i - a ring of willpower (left hand)
Scrolls
 f - a scroll of fog {unknown}
 g - a scroll of identify {unknown}
Potions
 d - a potion of might
 e - a potion of magic {unknown}


   Skills:
 - Level 3.2 Fighting
 + Level 3.6 Polearms
 - Level 3.2 Armour
 + Level 4.7 Shields


You had 3 spell levels left.
You didn't know any spells.
Your spell library was empty.

Dungeon Overview and Level Annotations

Branches:
Dungeon (2/15)

Altars:

Shops:
D:2 [

Annotations:
D:2 Natasha


Innate Abilities, Weirdness & Mutations

Your spellcasting is much less encumbered by armour.
You can use scrolls of enchantment on lesser artefacts.


Message History

You see here the felid corpse of Natasha.
Natasha, Servant of Life and Death comes into view.
She is carrying a wand of flame.
Natasha zaps a wand.
The puff of flame misses you.
Natasha zaps a wand.
The puff of flame hits you but does no damage.
Natasha casts a spell.
You closely miss Natasha.
Natasha mumbles some strange words.
You puncture Natasha!
Natasha is severely wounded.
The cerulean imp hits you but does no damage.
Natasha zaps a wand.
The puff of flame hits you!
The cerulean imp hits you from afar with a +2 spear.
You barely miss Natasha.
Natasha is severely wounded.
The cerulean imp hits you from afar with a +0 spear.
Natasha barely misses you. The cerulean imp completely misses you.
The cerulean imp hits you from afar with a +0 spear.
Natasha zaps a wand.
The puff of flame hits you!
You are too injured to fight recklessly!
You closely miss Natasha.
Natasha is severely wounded.
The cerulean imp hits you but does no damage.
The cerulean imp hits you from afar with a +0 spear.
* * * LOW HITPOINT WARNING * * *
Natasha claws you!
* * * LOW HITPOINT WARNING * * *
You hit Natasha but do no damage.
Natasha is severely wounded.
The cerulean imp hits you but does no damage.
The cerulean imp closely misses you.
Natasha wildly gestures.
Natasha glows brightly for a moment.
Natasha zaps a wand.
The puff of flame hits you but does no damage.
You hit Natasha.
Natasha is severely wounded.
The cerulean imp barely misses you.
The cerulean imp hits you from afar with a +0 spear.
You die...

.........########...#)...........
########.# #......#####....#. ###
#.# ##.#.#..# ##.#.#. ##.###.#
#.......# #.#.#.
##.#.##.######>.#.#.## #÷#.#.
##.#.................#######.#.#.
#.##.##..####....5...........#.#.
.).......# #....#.########..#.#.
#)##.##..# #.5h@............#.#.
##.#.#.#.####.##.#####.####....[.
##.÷.##.......................#.
####.#####.......#####.#.##..###.
.......# #.##................# #.
####.#.# #.##.##.##.####.###.###.
# #.#.# #.##.##.##.####.# #.#.†.
# ##.#.# #.##.##.##)#....###.#.##
###..#.# #.##.#..............#.#


You could see Natasha and 2 cerulean imps.

Vanquished Creatures
  Natasha (D:2)
  An adder (D:2)
  A ribbon worm (D:2)
  5 bats
  3 endoplasms
  2 giant cockroaches
  7 goblins
  2 hobgoblins
  6 jackals
  5 quokkas
  4 ball pythons
  3 frilled lizards
  8 kobolds
  7 rats
55 creatures vanquished.

Notes
Turn   | Place    | Note
-------+----------+-------------------------------------------
     0 | D:1      | smashvw the Mountain Dwarf Fighter began the quest for the
                  | Orb.
     0 | D:1      | Reached XP level 1. HP: 19/19 MP: 1/1
    99 | D:1      | Reached XP level 2. HP: 26/26 MP: 2/2
   572 | D:1      | Reached skill level 4 in Shields
   609 | D:1      | Reached XP level 3. HP: 30/31 MP: 3/3
  1114 | D:2      | Reached XP level 4. HP: 38/38 MP: 4/4
  1207 | D:2      | Found Zuahaor's Antique Armour Boutique.
  1287 | D:2      | Noticed Natasha
  1292 | D:2      | Killed Natasha
  1378 | D:2      | Noticed Natasha
  1388 | D:2      | Slain by a cerulean imp

Illustrated notes

Levels and vault maps discovered:
D:1:      roadster_arrival_rocket_large, layout_loops_cross, minmay_hexomino_f4
D:2:      layout_loops_ring, serial_shops, nicolae_shop_tiny_real_fake_doors,
          uniq_natasha

Skill      XL: |  1  2  3 |
---------------+----------+-----
Shields        | 4 |  4.7
Polearms       | 3 |  3.6
Fighting       | |  3.2
Armour         | |  3.2

Action                     |  1- 3 |  4- 6 || total
---------------------------+-------+-------++-------
  Melee: Trident           |   170 |    21 ||   191
 Armour: Scale mail        |   105 |    20 ||   125
  Dodge: Dodged            |    42 |    11 ||    53
  Block: Buckler           |    31 |     3 ||    34

Table legend: (Time is in decaauts)
 A = Elapsed time spent in this place.
 B = Non-inter-level travel time spent in this place.
 C = Inter-level travel time spent in this place.
 D = Time resting spent in this place.
 E = Time spent auto-exploring this place.
 F = Levels seen in this place.
 G = Mean time per level.
                   A        B        C        D        E       F      G
               +--------+--------+--------+--------+--------+-----+--------+
         Total |   1423 |   1404 |     19 |      0 |   1046 |   2 |  711.5 |
       Dungeon |   1423 |   1404 |     19 |      0 |   1046 |   2 |  711.5 |
               +--------+--------+--------+--------+--------+-----+--------+

Top non-repeatable levels by time:
     D:1: 761 daAuts
     D:2: 662 daAuts
